 Dungeon Crawl Stone Soup version 0.29-a0-266-gf56f883ddd (webtiles) character file.

Game seed: 5212120693350205155

32927 Crownlay the Thaumaturge (level 13, -13/73 HPs)
             Began as a Gargoyle Earth Elementalist on Mar 6, 2022.
             Was an Elder of Vehumet.
             Mangled by a phantasmal warrior (25 damage)
             ... on level 13 of the Dungeon.
             The game lasted 01:01:48 (19295 turns).

Crownlay the Thaumaturge (GrEE)                    Turns: 19295, Time: 01:01:49

Health: -13/73     AC: 19    Str: 12      XL:     13   Next: 67%
Magic:  26/49      EV: 11    Int: 30 (31) God:    Vehumet [****..]
Gold:   1029       SH:  0    Dex: 10      Spells: 23/41 levels left

rFire   . . .      SeeInvis .   v - +3 trident of Quick Death {vorpal, Int+5}
rCold   . . .      Faith    .   (no shield)
rNeg    + . .      Spirit   .   A - +3 steam dragon scales
rPois   ∞          Reflect  .   y - +0 helmet {Int+3}
rElec   +          Harm     .   E - +1 cloak {Will+}
rCorr   .          Rampage  .   f - +2 pair of gloves
Will    +....                   (no boots)
Stlth   ++........              (no amulet)
HPRegen 0.22/turn               H - ring "Mude" {MP+9 Int+2}
MPRegen 0.31/turn               q - ring of magical power

@: corroded
A: sickness immunity, AC +9, negative energy resistance 1, electricity
resistance, torment resistance 1, petrification resistance
a: Renounce Religion


You were on level 13 of the Dungeon.
You worshipped Vehumet.
Vehumet was greatly pleased with you.
You visited 2 branches of the dungeon, and saw 14 of its levels.
You visited the Abyss 1 time.
You also visited: Sewer, Ossuary, Bailey and Gauntlet.

You collected 1029 gold pieces.

Inventory:

Hand Weapons
 v - the +3 trident of Quick Death (weapon) {vorpal, Int+5}
   (You found it on level 4 of the Dungeon)

   It inflicts extra damage upon your enemies.
   Int:       It affects your intelligence (+5).
 P - the +4 hunting sling "Z" {venom, rPois Str+4 Int+3 SInv}
   (You found it in a Gauntlet)

   Any ammunition fired from it poisons the flesh of those it strikes.
   Str:       It affects your strength (+4).
   Int:       It affects your intelligence (+3).
   rPois:     It protects you from poison.
   SInv:      It lets you see invisible.
Missiles
 a - 111 stones
Armour
 f - a +2 pair of gloves (worn)
 y - a +0 helmet of intelligence (worn)
 A - +3 steam dragon scales (worn)
 E - a +1 cloak of willpower (worn)
 Q - the +1 cloak of Hopscotch {Str+4 SInv}
   (You found it in a Gauntlet)

   Str:       It affects your strength (+4).
   SInv:      It lets you see invisible.
Jewellery
 n - a ring of positive energy
 q - a ring of magical power (right hand)
 H - the ring "Mude" (left hand) {MP+9 Int+2}
   (You found it in a Gauntlet)

   [ring of magical power]

   Int:       It affects your intelligence (+2).
   MP:        It affects your magic capacity (+9).
 J - a ring of flight
Wands
 h - a wand of iceblast (4)
 s - a wand of charming (5)
 B - a wand of flame (11)
 C - a wand of digging (7)
 D - a wand of polymorph (8)
 N - a wand of paralysis (8)
Scrolls
 d - 10 scrolls of teleportation
 e - a scroll of summoning {unknown}
 j - a scroll of magic mapping
 k - 2 scrolls of brand weapon
 m - a scroll of silence
 r - 2 scrolls of enchant weapon
 u - 2 scrolls of acquirement {unknown}
 w - 4 scrolls of fear
 z - a scroll of fog {unknown}
 G - a scroll of torment {unknown}
Potions
 b - 2 potions of berserk rage {unknown}
 c - 2 potions of magic
 g - a potion of flight {unknown}
 i - 5 potions of brilliance
 l - 2 potions of resistance {unknown}
 o - 7 potions of curing
 p - a potion of heal wounds
 t - 3 potions of attraction {unknown}
 x - 3 potions of haste
 F - a potion of lignification {unknown}
 I - 2 potions of mutation
Miscellaneous
 K - a phantom mirror
 O - a condenser vane


   Skills:
 * Level 5.4 Fighting
 - Level 1.5 Dodging
 - Level 2.1 Stealth
 + Level 14.5 Spellcasting
 - Level 10.0 Conjurations
 - Level 10.0 Summonings
 - Level 0.7 Transmutations
 * Level 12.2 Earth Magic
 + Level 0.8 Evocations


You had 23 spell levels left.
You knew the following spells:

 Your Spells              Type           Power      Damage    Failure   Level
a - Sandblast             Erth           100%       2d20      0%          1
b - Passwall              Tmut/Erth      47%        N/A       1%          2
c - Stone Arrow           Conj/Erth      100%       3d13      1%          3
d - Animate Armour        Summ/Erth      100%       N/A       1%          4
e - Lehudib's Crystal Sp  Conj/Erth      36%        10d9      36%         8

Your spell library contained the following spells:

 Spells                   Type           Power      Damage    Failure   Level
 Olgreb's Toxic Radiance  Pois           21%        N/A       6%          4
 Summon Small Mammal      Summ           100%       N/A       1%          1
 Call Imp                 Summ           69%        N/A       1%          2
 Inner Flame              Hex/Fire       21%        N/A       1%          3
 Petrify                  Tmut/Erth      57%        N/A       1%          4
 Slow                     Hex            84%        N/A       2%          1
 Summon Lightning Spire   Summ/Air       51%        N/A       2%          4
 Borgnjor's Vile Clutch   Necr/Erth      27%        N/A       4%          5
 Summon Forest            Summ/Tloc      25%        N/A       8%          5
 Animate Dead             Necr           10%        N/A       22%         4
 Passage of Golubria      Tloc           21%        N/A       22%         4
 Silence                  Hex/Air        10%        N/A       52%         5
 Haunt                    Necr/Summ      25%        N/A       94%         7
 Death Channel            Necr           10%        N/A       98%         6
 Dispersal                Tloc           10%        N/A       98%         6
 Discord                  Hex            10%        N/A       100%        8
 Disjunction              Tloc           10%        N/A       100%        8
 Infestation              Necr           10%        N/A       100%        8


Dungeon Overview and Level Annotations

Branches:
Dungeon (13/15)            Temple (1/1) D:4             Orc (0/2) D:10
  Sewer (visited)         Ossuary (visited)          Bailey (visited)
Gauntlet (visited)
   Lair: D:8-11      Vaults: D:13-14

Altars:
Ashenzari
Dithmenos
Elyvilon
Gozag
Hepliaklqana
Kikubaaqudgha
Makhleb
Nemelex Xobeh
Okawaru
Qazlal
Ru
Sif Muna
Uskayaw
Vehumet
Xom
Yredelemnul
The Shining One
Beogh

Shops:
D:6 =   D:10 (

Annotations:
D:5 2 transporters, Menkaure
D:7 3 runed translucent doors, Grinfader's ghost, novice HuHu
D:11 2 runed translucent doors, RNPValinor's ghost, journeyman DsFi


Innate Abilities, Weirdness & Mutations

You are immune to sickness and miasma.
Your stone body is resilient. (AC +9)
You are immune to poison.
You resist negative energy. (rN+)
You are resistant to electric shocks. (rElec)
You are resistant to unholy torment.
You are immune to petrification.


Message History

The stone arrow misses the tengu reaver.
The stone arrow hits the orc knight.
The orc knight is severely wounded.
The tengu reaver hits you but does no damage.
The tengu reaver pecks you.
* * * LOW HITPOINT WARNING * * *
The tengu reaver claws you but does no damage.
Casting: Stone Arrow (safe; 1% risk of failure)
Confirm with . or Enter, or press ? or * to list all spells.
Aiming: Stone Arrow (safe; 1% risk of failure)
Press: ? - help, Shift-Dir - straight line, f/p - tengu reaver
Aim: a tengu reaver, wielding a +1 battleaxe of draining and wearing a +3 scale mail of cold resistance (almost dead, 61% to hit)
The stone arrow hits the tengu reaver.
The tengu reaver is almost dead.
The tengu reaver casts a spell at you.
The bolt of poison hits you but does no damage.
You resist.
A phantasmal warrior comes into view.
Casting: Stone Arrow (safe; 1% risk of failure)
Confirm with . or Enter, or press ? or * to list all spells.
Aiming: Stone Arrow (safe; 1% risk of failure)
Press: ? - help, Shift-Dir - straight line, f/p - tengu reaver
Aim: a tengu reaver, wielding a +1 battleaxe of draining and wearing a +3 scale mail of cold resistance (almost dead, 61% to hit)
The stone arrow misses the tengu reaver.
The stone arrow hits the orc knight!
The orc knight is severely wounded.
The tengu reaver hits you with a +1 battleaxe of draining!
* * * LOW HITPOINT WARNING * * *
The tengu reaver pecks you but does no damage.
The tengu reaver claws you but does no damage.
The phantasmal warrior gestures at you.
The phantasmal warrior blinks!
Okay, then.
You feel much better.
The tengu reaver hits you with a +1 battleaxe of draining.
* * * LOW HITPOINT WARNING * * *
The tengu reaver closely misses you.
The tengu reaver claws you but does no damage.
The phantasmal warrior hits you!!
You die...

..............................
##.#..........................
#....#...####################
#....#..#.#......#...#...#..)
#....#.#..#....#..##..##..##.
#... ##...#.....##..##..##†.#
#.#. ..##....#...#...#...#. #.
.#.#W################# #.@Qo#
####§# #.o..# #Q#### #? #. #.
#. ##


You could see a tengu reaver, an orc knight and a phantasmal warrior.

Vanquished Creatures
  An ancient lich (Abyss:2)
  A tentacled starspawn (Abyss:2)
  Nessos (D:12)
  A minotaur (Gauntlet)
  4 hydras
  A quicksilver dragon skeleton (Abyss:2)
  A rakshasa (D:9)
  A boulder beetle (D:8)
  A catoblepas (Gauntlet)
  A two-headed ogre (D:11)
  Urug (D:11)
  A deep elf knight (D:13)
  Amaemon (D:8)
  A fire crab (Gauntlet)
  Pikel (D:8)
  A bunyip skeleton (Abyss:2)
  2 wizards (Gauntlet)
  2 deep elf pyromancers
  An orc knight (Bailey)
  3 ugly things
  2 worldbinders (Abyss:2)
  A manticore (D:11)
  A cyclops (D:9)
  Maurice (D:11)
  2 naga magi (Abyss:2)
  A guardian serpent (Abyss:2)
  A smoke demon (Abyss:2)
  3 gargoyles
  Maggie (D:6)
  2 orange demons
  3 centaur skeletons (D:10)
  Psyche (D:9)
  6 trolls
  A hornet (D:8)
  A polar bear (shapeshifter) (D:13)
  2 raiju (Abyss:2)
  3 slime creatures (D:12)
  Grinder (D:3)
  6 yaks (D:11)
  5 wyverns
  3 basilisks
  2 fire bats (Gauntlet)
  2 vampires (D:11)
  A ynoxinul (Abyss:2)
  A chaos spawn (Abyss:2)
  A steam dragon (D:9)
  2 redbacks (D:9)
  A neqoxec (Abyss:2)
  9 vampire mosquitoes
  A naga (Abyss:2)
  A warg (shapeshifter) (D:13)
  2 acid dragons
  3 water moccasins
  A swamp drake (D:10)
  12 orc warriors
  3 sky beasts
  An ice beast (D:6)
  2 black bears
  A centaur (D:8)
  The ghost of Crownlay the Firebug, an amateur GnFE (D:4)
  3 kobold brigands
  2 phantoms (D:6)
  2 elf zombies (Ossuary)
  3 bullfrogs
  A necrophage (D:5)
  3 gnoll sergeants
  2 scorpions
  A water moccasin zombie (D:4)
  11 killer bees
  3 small abominations (Abyss:2)
  7 howler monkeys
  A crimson imp (D:11)
  A quasit (Abyss:2)
  A bullfrog zombie (D:4)
  2 centaur zombies
  A gnoll shaman (D:8)
  5 hounds
  9 orc priests
  Natasha (D:2)
  4 iguanas
  4 orc wizards
  2 mummies (Ossuary)
  20 gnolls
  2 river rats (Sewer)
  11 adders
  5 shadow imps
  2 white imps
  A howler monkey simulacrum (D:10)
  An ufetubus (D:5)
  An adder zombie (Ossuary)
  4 worms
  A dart slug (D:1)
  39 orcs
  7 ball pythons
  8 bats
  9 endoplasms
  5 giant cockroaches
  6 goblins
  12 hobgoblins
  8 jackals
  6 quokkas
  2 frilled lizards (D:1)
  A goblin zombie (Ossuary)
  4 hobgoblin zombies (Ossuary)
  2 jackal zombies (Ossuary)
  22 kobolds
  13 kobold zombies (Ossuary)
  11 orc zombies (Ossuary)
  6 rats
  2 rat zombies (Ossuary)
401 creatures vanquished.

Vanquished Creatures (others)
  A raiju (Abyss:2)
  A small abomination (Abyss:2)
  167 plants (D:1)
  2 starspawn tentacles (Abyss:2)
171 creatures vanquished.

Grand Total: 572 creatures vanquished

Notes
Turn   | Place    | Note
-------+----------+-------------------------------------------
     0 | D:1      | Crownlay the Gargoyle Earth Elementalist began the quest
                  | for the Orb.
     0 | D:1      | Reached XP level 1. HP: 10/10 MP: 3/3
   323 | D:1      | Reached XP level 2. HP: 5/15 MP: 3/5
   944 | D:1      | Reached XP level 3. HP: 18/19 MP: 7/7
  1112 | D:1      | Reached skill level 3 in Spellcasting
  1745 | D:2      | Reached XP level 4. HP: 22/24 MP: 9/9
  1748 | D:2      | Learned a level 2 spell: Passwall
  1752 | D:2      | Learned a level 3 spell: Stone Arrow
  1945 | D:2      | Found a faded altar of an unknown god.
  2014 | D:2      | Noticed Natasha
  2018 | D:2      | Killed Natasha
  2188 | D:2      | Reached skill level 4 in Spellcasting
  2188 | D:2      | Reached XP level 5. HP: 15/28 MP: 9/11
  2726 | D:3      | Found a shadowy altar of Dithmenos.
  2979 | D:3      | Found a glowing drain.
  2997 | Sewer    | Entered a sewer
  3002 | Sewer    | Reached skill level 5 in Earth Magic
  3953 | D:3      | Noticed Grinder
  3958 | D:3      | Paralysed by Grinder for 2 turns
  3962 | D:3      | Killed Grinder
  3963 | D:3      | Reached skill level 5 in Spellcasting
  3963 | D:3      | Reached XP level 6. HP: 26/32 MP: 8/14
  4689 | D:4      | Reached XP level 7. HP: 31/36 MP: 13/15
  4976 | D:4      | Found a runed translucent gate.
  4977 | D:4      | Found a runed translucent gate.
  5020 | D:4      | Found a runed translucent gate.
  5036 | D:4      | Found a staircase to the Ecumenical Temple.
  5049 | Temple   | Entered the Ecumenical Temple
  5089 | Temple   | Became a worshipper of Vehumet
  5417 | D:4      | Reached skill level 6 in Spellcasting
  5693 | D:4      | Noticed Crownlay's ghost (amateur GnFE)
  5703 | D:4      | Killed Crownlay's ghost
  5713 | D:4      | Identified the +3 trident of Quick Death {vorpal, Int+5}
  6148 | D:5      | Entered Level 5 of the Dungeon
  6204 | D:5      | Found a sand-covered staircase.
  6209 | Ossuary  | Entered an ossuary
  6288 | Ossuary  | Reached * piety under Vehumet
  6288 | Ossuary  | Offered knowledge of Foxfire by Vehumet.
  6382 | Ossuary  | Reached XP level 8. HP: 20/41 MP: 2/18
  6452 | Ossuary  | HP: 2/41 [mummy (8)]
  6466 | Ossuary  | Reached skill level 7 in Spellcasting
  6897 | D:5      | Found a transporter.
  6918 | D:5      | Noticed a wraith
  6919 | D:5      | Found a transporter.
  6919 | D:5      | Found a basalt altar of Yredelemnul.
  6924 | D:5      | Noticed Menkaure
  6927 | D:5      | Noticed a vampire
  6931 | D:5      | Found an ancient bone altar of Kikubaaqudgha.
  7254 | D:5      | Reached ** piety under Vehumet
  7254 | D:5      | Offered knowledge of Static Discharge by Vehumet.
  7488 | D:5      | Reached skill level 8 in Spellcasting
  7555 | D:5      | Noticed a troll
  7558 | D:5      | Killed a troll
  7890 | D:5      | Reached skill level 12 in Spellcasting
  7890 | D:5      | Reached XP level 9. HP: 45/45 MP: 20/25
  7891 | D:5      | Reached skill level 14 in Spellcasting
  7891 | D:5      | Reached XP level 10. HP: 50/50 MP: 20/28
  7996 | D:6      | Noticed Maggie
  8006 | D:6      | Killed Maggie
  8007 | D:6      | Reached skill level 1 in Conjurations
  8007 | D:6      | Reached XP level 11. HP: 55/55 MP: 8/29
  8198 | D:6      | Reached skill level 1 in Fighting
  8583 | D:6      | Found Adwilan's Jewellery Shop.
  9225 | D:7      | Found a flagged portal.
  9243 | Bailey   | Entered a bailey
  9427 | Bailey   | Noticed an orc knight
  9432 | Bailey   | Killed an orc knight
  9543 | Bailey   | Found a large runed translucent door.
  9543 | Bailey   | Found a large runed translucent door.
  9544 | Bailey   | Noticed a deep elf pyromancer
  9689 | Bailey   | Killed a deep elf pyromancer
  9901 | D:7      | Got Sif Muna's Reference Book on Enchantment
  9907 | D:7      | Found a white marble altar of Elyvilon.
  9936 | D:7      | Found a glowing golden altar of the Shining One.
 10041 | D:7      | Found a runed translucent gate.
 10042 | D:7      | Noticed Grinfader's ghost (novice HuHu)
 10042 | D:7      | Found a runed translucent gate.
 10043 | D:7      | Found a runed translucent gate.
 10132 | D:7      | Reached skill level 5 in Conjurations
 10347 | D:7      | Offered knowledge of Ignite Poison by Vehumet.
 10941 | D:8      | Found a hazy altar of Hepliaklqana.
 10972 | D:8      | Noticed a boulder beetle
 11246 | D:8      | Killed a boulder beetle
 11621 | D:8      | Noticed Pikel
 11628 | D:8      | Killed Pikel
 11690 | D:8      | Found a hide-covered altar of Uskayaw.
 11928 | D:8      | Noticed Amaemon
 12051 | D:8      | Killed Amaemon
 12716 | D:8      | Reached *** piety under Vehumet
 12717 | D:8      | Reached skill level 5 in Fighting
 13124 | D:9      | Noticed Psyche
 13127 | D:9      | Killed Psyche
 13128 | D:9      | Reached XP level 12. HP: 68/68 MP: 30/30
 13381 | D:9      | Found a runed translucent door.
 13381 | D:9      | Noticed a rakshasa
 13386 | D:9      | Killed a rakshasa
 13440 | D:9      | Noticed a five-headed hydra
 13715 | D:10     | Entered Level 10 of the Dungeon
 14075 | D:10     | Reached skill level 1 in Summonings
 14077 | D:10     | Offered knowledge of Conjure Flame by Vehumet.
 14308 | D:10     | Found a sparkling altar of Nemelex Xobeh.
 14600 | D:10     | Found Funol's Weapon Shoppe.
 14666 | D:10     | Found a staircase to the Orcish Mines.
 14675 | D:10     | Reached **** piety under Vehumet
 14736 | D:10     | Offered knowledge of Frozen Ramparts by Vehumet.
 14786 | D:10     | Reached skill level 10 in Conjurations
 15145 | D:11     | Noticed Maurice
 15160 | D:11     | Killed Maurice
 15343 | D:11     | Noticed an eight-headed hydra
 15347 | D:11     | Killed an eight-headed hydra
 15348 | D:11     | Reached skill level 5 in Summonings
 15437 | D:9      | Killed a five-headed hydra
 15778 | D:11     | Noticed a two-headed ogre
 15780 | D:11     | Found a large runed translucent door.
 15780 | D:11     | Found a large runed translucent door.
 15784 | D:11     | Killed a two-headed ogre
 15828 | D:11     | Noticed RNPValinor's ghost (journeyman DsFi)
 15921 | D:11     | Noticed Urug
 15925 | D:11     | Killed Urug
 15945 | D:11     | Reached XP level 13. HP: 56/72 MP: 15/31
 16001 | D:11     | Reached ***** piety under Vehumet
 16002 | D:11     | Offered knowledge of Olgreb's Toxic Radiance by Vehumet.
 16118 | D:11     | You fall into a shaft and drop 2 floors!
 16283 | D:12     | Noticed Nessos
 16291 | D:12     | HP: 1/72 [Nessos/arrow (6)]
 16294 | D:12     | Killed Nessos
 16602 | D:12     | Found a gate leading to a gauntlet.
 16609 | Gauntlet | Entered a Gauntlet
 16609 | Gauntlet | Found a runed translucent gate.
 16609 | Gauntlet | Found a transporter.
 16609 | Gauntlet | Found a transporter.
 16609 | Gauntlet | Found a transporter.
 16628 | Gauntlet | Found a runed translucent gate.
 16629 | Gauntlet | Found a runed translucent gate.
 16636 | Gauntlet | Found a transporter.
 16639 | Gauntlet | Found a transporter.
 16648 | Gauntlet | Found a transporter.
 16650 | Gauntlet | Found a transporter.
 16658 | Gauntlet | Found a transporter.
 16676 | Gauntlet | Found a transporter.
 16693 | Gauntlet | Found a transporter.
 16696 | Gauntlet | Found a transporter.
 16706 | Gauntlet | Found a transporter.
 16859 | Gauntlet | Learned a level 4 spell: Animate Armour
 17058 | Gauntlet | Identified the -7 pair of boots of the Dancing Gods {Dex+4}
 17077 | Gauntlet | Identified the ring "Mude" {MP+9 Int+2}
 17088 | Gauntlet | Cast into level 2 of the Abyss (a wizard)
 17169 | Abyss:2  | Noticed a tentacled starspawn
 17177 | Abyss:2  | Killed a tentacled starspawn
 17374 | Abyss:2  | Noticed a naga warrior
 17379 | Abyss:2  | Noticed a naga warrior
 17379 | Abyss:2  | Noticed a naga warrior
 18005 | Abyss:2  | Noticed an ancient lich
 18016 | Abyss:2  | Killed an ancient lich
 18017 | Abyss:2  | Noticed a starcursed mass
 18019 | Gauntlet | Escaped the Abyss
 18022 | Gauntlet | Reached skill level 10 in Summonings
 18189 | Gauntlet | Learned a level 8 spell: Lehudib's Crystal Spear
 18193 | Gauntlet | Identified the +10 morningstar of Ferph {vorpal, +Blink rC-
                  | Dex+2}
 18193 | Gauntlet | Noticed a minotaur
 18201 | Gauntlet | Killed a minotaur
 18271 | Gauntlet | Identified the +1 cloak of Hopscotch {Str+4 SInv}
 18271 | Gauntlet | Identified the +4 hunting sling "Z" {venom, rPois Str+4
                  | Int+3 SInv}
 18272 | Gauntlet | Got Sif Muna's Disquisition on the Escort
 19281 | D:13     | Noticed a tengu reaver
 19294 | D:13     | HP: 3/73 [tengu reaver/+1 battleaxe of draining (8)]
 19295 | D:13     | Mangled by a phantasmal warrior

Illustrated notes

Levels and vault maps discovered:
D:1:      roderic_crop_circles_arrival_large, layout_loops_ring, minmay_tripent
D:2:      layout_basic, hellmonk_ecumenical_altar_heavens_door,
          minmay_tree_intersection, uniq_natasha
D:3:      layout_basic, grunt_dithmenos_smoke_and_mirrors, portal_sewer_entry_f,
          uniq_grinder
D:4:      layout_layer_cave, minmay_temple_entry_water_ring,
          gammafunk_ghost_necromancy, grunt_ministairs_3, lightli_minifort
D:5:      layout_loops_cross, gammafunk_temple_of_torment,
          nicolae_ossuary_entry_false_entrances, grunt_decor_cap,
          serial_bayou_lake_a
D:6:      layout_gridville, serial_shops, shop, grunt_ministairs_11, uniq_maggie
D:7:      layout_basic, mainiacjoe_overflow_two_lobes,
          biasface_ghost_orc_armoury, enter_bailey_6
D:8:      layout_layer_cave, mainiacjoe_overflow_cross_hatched,
          nicolae_uskayaw_dance_hall, uniq_pikel, uniq_amaemon
D:9:      layout_basic, minivault_13, uniq_psyche
D:10:     layout_stronghold, mainiacjoe_overflow_chevrons, erik_orc_1,
          serial_shops, nicolae_shop_behind_doors, hangedman_weighted_door,
          hangedman_decor_push, minivault_11
D:11:     layout_cave_pools, erik_lair_dragon, ebering_ghost_disaster_area,
          minmay_fire_ice_demons, uniq_maurice, uniq_urug
D:12:     layout_basic, gauntlet_entry_generic, uniq_nessos
D:13:     minmay_textured_paths, layout_rooms
Temple:   eino_narrow_crystal_temple

Skill      XL: |  1  2  3  4  5  6  7  8  9 10 11 12 13 |
---------------+----------------------------------------+-----
Earth Magic    | 4 5 6 7 11 12 | 12.2
Spellcasting   | 3 4 5 6 12 14 | 14.5
Conjurations   | 1 8 10 | 10.0
Fighting       | 5 |  5.4
Summonings     | 7 10 | 10.0
Dodging        | |  1.5
Stealth        | |  2.1
Transmutations | |  0.7
Evocations     | |  0.8

Action                   |  1- 3 |  4- 6 |  7- 9 | 10-12 | 13-15 || total
-------------------------+-------+-------+-------+-------+-------++-------
Melee: Unarmed           |    38 |       |       |       |       ||    38
       Punch             |     1 |     2 |       |       |       ||     3
       Dagger            |    99 |   171 |       |       |       ||   270
       Trident           |       |       |    71 |    25 |       ||    96
 Fire: Triple crossbow   |       |       |       |     3 |       ||     3
Throw: Dart              |    10 |       |       |       |       ||    10
 Cast: Sandblast         |    17 |    71 |    54 |   152 |    55 ||   349
       Stone Arrow       |       |       |    39 |   209 |   164 ||   412
       Animate Armour    |       |       |       |       |     2 ||     2
       Lehudib's Crystal |       |       |       |       |     1 ||     1
Evoke: Wand              |       |       |       |     9 |       ||     9
  Use: Scroll            |       |     3 |     5 |    11 |     3 ||    22
       Potion            |       |       |     3 |     2 |     5 ||    10
 Stab: Sleeping          |     2 |     2 |       |       |       ||     4
Armor: Robe              |    68 |    62 |    84 |       |       ||   214
       Steam dragon scal |       |       |       |   136 |    79 ||   215
Dodge: Dodged            |   100 |    93 |    87 |   109 |    55 ||   444

Table legend: (Time is in decaauts)
 A = Elapsed time spent in this place.
 B = Non-inter-level travel time spent in this place.
 C = Inter-level travel time spent in this place.
 D = Time resting spent in this place.
 E = Time spent auto-exploring this place.
 F = Levels seen in this place.
 G = Mean time per level.
                   A        B        C        D        E       F      G
               +--------+--------+--------+--------+--------+-----+--------+
         Total |  19440 |  18757 |    683 |    659 |  13935 |  19 | 1023.2 |
       Dungeon |  15639 |  14971 |    668 |      0 |  12207 |  13 | 1203.0 |
        Temple |     55 |     40 |     15 |      0 |     29 |   1 |   55.0 |
         Abyss |    930 |    930 |      0 |    610 |     29 |   1 |  930.0 |
         Sewer |    827 |    827 |      0 |      0 |    632 |   1 |  827.0 |
       Ossuary |    654 |    654 |      0 |      0 |    321 |   1 |  654.0 |
        Bailey |    571 |    571 |      0 |      3 |    263 |   1 |  571.0 |
      Gauntlet |    761 |    761 |      0 |     46 |    454 |   1 |  761.0 |
               +--------+--------+--------+--------+--------+-----+--------+

Top non-repeatable levels by time:
     D:1: 1708 daAuts
     D:8: 1657 daAuts
     D:4: 1640 daAuts
     D:5: 1299 daAuts
     D:6: 1270 daAuts
    D:10: 1223 daAuts
     D:9: 1221 daAuts
     D:7: 1219 daAuts
    D:12: 1124 daAuts
     D:3: 1055 daAuts
     D:2: 930 daAuts
 Abyss:2: 930 daAuts
    D:11: 928 daAuts
   Sewer: 827 daAuts
Gauntlet: 761 daAuts
